 Dungeon Crawl Stone Soup version 0.23-a0-635-g88ca12a (webtiles) character file.

233 EvilAliv3 the Twirler (level 6, -1/48 HPs)
             Began as a Human Gladiator on Dec 27, 2018.
             Slain by an ogre
             ... wielding a +0 giant spiked club
              (6 damage)
             ... on level 4 of the Dungeon.
             The game lasted 00:16:06 (3322 turns).

EvilAliv3 the Twirler (Human Gladiator)             Turns: 3322, Time: 00:16:07

Health: -1/48      AC:  4    Str: 16    XL:     6   Next: 25%
Magic:  0/6        EV: 13    Int:  8    God:
Gold:   250        SH:  0    Dex: 15    Spells: 5/5 levels left

rFire    . . .     SeeInvis .   o - +2 quarterstaff (chaos)
rCold    . . .     Gourm    .   (shield currently unavailable)
rNeg     + . .     Faith    .   b - +0 leather armour
rPois    .         Spirit   +   c - +0 helmet
rElec    .         Reflect  .   n - scarf {Spirit}
rCorr    .         Harm     .   (no gloves)
MR       .....                  (no boots)
Stlth    +.........             (no amulet)
HPRegen  0.16/turn              l - ring of positive energy
MPRegen  0.10/turn              (no ring)

@: no status effects
A: no striking features
a: no special abilities


You were on level 4 of the Dungeon.
You were not hungry.

You visited 1 branch of the dungeon, and saw 4 of its levels.

You collected 250 gold pieces.

Inventory:

Hand Weapons
 o - a +2 quarterstaff of chaos (weapon)
Missiles
 d - 2 throwing nets (quivered)
 m - 74 sling bullets
 p - 45 stones
Armour
 b - a +0 leather armour (worn)
 c - a +0 helmet (worn)
 n - a scarf of spirit shield (worn)
 A - a +0 cloak
Jewellery
 l - a ring of positive energy (left hand)
Scrolls
 e - a scroll of teleportation {unknown}
 g - a scroll of enchant weapon {unknown}
 j - 4 scrolls of immolation {unknown}
 k - 3 scrolls of fog {unknown}
 q - a scroll of blinking {unknown}
 s - 2 scrolls of noise {unknown}
 u - 2 scrolls of enchant armour {unknown}
 y - a scroll of fear {unknown}
Potions
 a - a potion of ambrosia {unknown}
 h - 2 potions of experience {unknown}
 i - 2 potions of lignification {unknown}
 r - a potion of magic {unknown}
 t - 2 potions of degeneration {unknown}
 v - 3 potions of heal wounds {unknown}
 w - a potion of agility {unknown}
 x - a potion of invisibility {unknown}
 z - 2 potions of flight {unknown}
Comestibles
 f - a ration
 B - a chunk of flesh


   Skills:
 + Level 3.8 Fighting
 * Level 5.6 Staves
 - Level 2.0 Throwing
 - Level 3.0 Dodging


You had 5 spell levels left.
You didn't know any spells.
Your spell library was empty.

Dungeon Overview and Level Annotations

Branches:
Dungeon (4/15)
 Temple: D:4-7

Altars:
Ashenzari

Annotations:
D:4 2 transporters, Grinder, Menkaure


Message History

You throw a throwing net. The throwing net hits the ogre.
The ogre is caught in the net!
The ogre is lightly wounded.
The ogre struggles against the net.
The ogre struggles against the net.
You catch the helpless ogre completely off-guard!
You thump the ogre!
The ogre is heavily wounded.
The ogre struggles against the net.
You hit the ogre.
The ogre flickers and vanishes!
Deactivating autopickup; reactivate with Ctrl-A.
Something wriggles in the net.
You completely miss something.
Something wriggles in the net.
All of a sudden the net rips apart!
Something hits you!!
Ouch! That really hurt!
You closely miss something. You hit something. You freeze something.
Something hits you!!
* * * LOW HITPOINT WARNING * * *
You barely miss something. Something hits you.
You die...

#...#.......#
......#...'.......#
......##'##.......#
'#.....#..###(#####
##
.'.....#....#.....#
#. #.....#....#.(...#
#.
#.....#....#.(รท..#
#. #.....#....#.{...#
.....#.
#.....'....#.@...#
.....#.
#.....#....#.....#
.....#.
####.....#..###..####
....##
........##..########
#....
........'...........
#....
........#.<.........
#....
........#...........
#.<..
........########.##.
###....
..##+##........# #
#......


There were no monsters in sight!

Vanquished Creatures
  The ghost of Greg the Sneak, a weakling SpAs (D:3)
  An orc wizard (D:2)
  Crazy Yiuf (D:2)
  Jessica (D:3)
  5 adders
  An ooze (D:1)
  An adder skeleton (D:4)
  3 worms (D:2)
  2 dart slugs
  6 leopard geckos
  2 orcs (D:2)
  5 bats
  2 giant cockroaches
  3 goblins
  2 hobgoblins
  4 jackals (D:2)
  A quokka (D:3)
  4 frilled lizards
  6 kobolds
  4 rats
55 creatures vanquished.

Notes
Turn   | Place    | Note
-------+----------+-------------------------------------------
     0 | D:1      | EvilAliv3 the Human Gladiator began the quest for the Orb.
     0 | D:1      | Reached XP level 1. HP: 16/16 MP: 1/1
   266 | D:1      | Reached XP level 2. HP: 18/22 MP: 2/2
   656 | D:2      | Reached XP level 3. HP: 27/28 MP: 3/3
   673 | D:2      | Reached skill level 4 in Staves
   673 | D:2      | Reached XP level 4. HP: 22/34 MP: 4/4
   969 | D:2      | Found a runed door.
  1015 | D:2      | Found a faded altar of an unknown god.
  1494 | D:3      | Found a runed door.
  1496 | D:3      | Noticed Greg's ghost (weakling SpAs)
  1623 | D:3      | Found a shattered altar of Ashenzari.
  1636 | D:3      | Reached XP level 5. HP: 35/41 MP: 5/5
  1899 | D:3      | Noticed Jessica
  1913 | D:3      | Killed Jessica
  1913 | D:3      | Reached skill level 5 in Staves
  2086 | D:4      | Found a transporter.
  2218 | D:4      | Found a transporter.
  2297 | D:4      | Noticed Menkaure
  2659 | D:2      | Noticed Crazy Yiuf
  2670 | D:2      | Killed Crazy Yiuf
  3038 | D:3      | Reached XP level 6. HP: 39/47 MP: 4/6
  3042 | D:3      | Killed Greg's ghost
  3124 | D:4      | Noticed an ogre
  3124 | D:4      | Noticed Grinder
  3322 | D:4      | Slain by an ogre

Vault maps used:
D:1:      dpeg_arrival_round_c
D:2:      chequers_ecumenical_altar_simple_redux, uniq_crazy_yiuf_cottage
D:3:      cheibrodos_ashenzari_chains, ebering_ghost_sewer_d, uniq_jessica
D:4:      gammafunk_wand_slinger, chequers_temple_overflow_statue_of_worship,
          minmay_temple_entry_grid, uniq_menkaure, uniq_grinder

Skill      XL: |  1  2  3  4  5 |
---------------+----------------+-----
Staves         | 4 5 |  5.6
Fighting       | 3 |  3.8
Throwing       | |  2.0
Dodging        | |  3.0

Action                   |  1- 3 |  4- 6 || total
-------------------------+-------+-------++-------
Melee: Quarterstaff      |    38 |   151 ||   189
Throw: Throwing net      |       |     3 ||     3
       Stone             |       |     6 ||     6
 Stab: Sleeping          |       |     1 ||     1
       Held in net/web   |       |     1 ||     1
  Eat: Chunk             |       |     4 ||     4
       Ration            |       |     1 ||     1
Armor: Leather armour    |     9 |    32 ||    41
Dodge: Dodged            |    27 |    99 ||   126

Table legend:
 A = Non-vault XP
 B = Vault XP
 C = Vault XP percentage of total XP
 D = Non-vault monster count
 E = Vault monster count
 F = Vault count percentage of total count
                 A         B        C        D         E       F
            +---------+---------+-------+---------+---------+-------
      Total |     198 |     135 |  40.5 |      51 |       4 |   7.3
            +---------+---------+-------+---------+---------+-------
        D:1 |      23 |       0 |   0.0 |       9 |       0 |   0.0
        D:2 |      95 |      39 |  29.1 |      23 |       1 |   4.2
        D:3 |      59 |      96 |  61.9 |      14 |       3 |  17.6
        D:4 |      21 |       0 |   0.0 |       5 |       0 |   0.0
            +---------+---------+-------+---------+---------+-------
